 Dungeon Crawl Stone Soup version 0.14.0-9-g9c5475a (webtiles) character file.

1389 RogerD the Ducker (level 8, -7/75 HPs)
             Began as a Troll Fighter on Apr 13, 2014.
             Was a Priest of Dithmenos.
             Shot with an arrow by a centaur (11 damage)
             ... on Level 7 of the Dungeon.
             The game lasted 00:58:14 (4189 turns).

RogerD the Ducker (Troll Fighter)                   Turns: 4189, Time: 00:58:14

HP  -7/75        AC  5     Str 25      XL: 8   Next:  6%
MP   3/3         EV 10     Int  4      God: Dithmenos [***...]
Gold 330         SH 19     Dex 11      Spells:  0 memorised,  7 levels left

rFire  . . .     SeeInvis .     a - +0 war axe
rCold  + . .     Clarity  .     b - +0 robe
rNeg   . . .     Conserve .     c - +0 shield
rPois  .         rCorr    .     (helmet restricted)
rElec  .         rRot     .     (no cloak)
SustAb . .       Spirit   .     (gloves unavailable)
rMut   .         Warding  .     (boots unavailable)
Gourm  +         Stasis   .     m - amulet of faith
MR     .....                    (no ring)
                                H - ring of protection from cold

@: wreathed by umbra, not resistant to hostile enchantments, unstealthy
A: unfitting armour, claws 3, fast metabolism 3, gourmand, regeneration 2,
saprovore 2, shaggy fur 1, tough skin 2
a: Shadow Step, Renounce Religion


You were on level 7 of the Dungeon.
You worshipped Dithmenos.
Dithmenos was most pleased with you.
You were full.

You visited 2 branches of the dungeon, and saw 8 of its levels.

You collected 330 gold pieces.

Inventory:

Hand weapons
 a - a +0,+0 war axe (weapon)
 D - a +0 blowgun
Missiles
 l - a dart (quivered)
 w - 2 needles of sleeping
 E - 3 curare-tipped needles
Armour
 b - a +0 robe (worn)
 c - a +0 shield (worn)
Magical devices
 C - a wand of polymorph (8)
 F - a wand of paralysis (18)
 I - a wand of disintegration (17)
Comestibles
 d - 3 meat rations
 h - 6 strawberries
 j - 4 bread rations
 n - an apple
 o - a pear
Scrolls
 f - 3 scrolls of identify
 i - 2 scrolls of enchant weapon II
 r - 2 scrolls of enchant armour {unknown}
 s - a scroll of remove curse
 u - 3 scrolls of amnesia
 v - 2 scrolls of random uselessness
 J - a scroll of fear {unknown}
Jewellery
 m - an amulet of faith (around neck)
 y - an uncursed amulet of warding {unknown}
 B - an uncursed amulet of the gourmand {unknown}
 H - a ring of protection from cold (left claw)
Potions
 e - a potion of might
 g - a potion of haste {unknown}
 k - a potion of curing
 p - a potion of heal wounds
 q - a potion of brilliance {unknown}
 t - a potion of agility {unknown}
 x - a potion of flight {unknown}
 z - a potion of paralysis {unknown}
 A - a potion of mutation {unknown}
 G - 2 potions of resistance {unknown}


   Skills:
 + Level 3.4 Fighting
 + Level 3.6 Axes
 + Level 1.3 Throwing
 + Level 5.3 Dodging
 + Level 1.0 Stealth
 + Level 4.5 Shields
 + Level 0.4 Evocations


You had 7 spell levels left.
You didn't know any spells.

Dungeon Overview and Level Annotations

Branches:
Dungeon (7/15)             Temple (1/1) D:5

Altars:
Ashenzari
Cheibriados
Dithmenos
Fedhas
Kikubaaqudgha
Makhleb
Nemelex Xobeh
Okawaru
Sif Muna
Trog
Vehumet
Xom
Yredelemnul
The Shining One


Innate Abilities, Weirdness & Mutations

You are too large for most types of armour.
You have claws for hands.
Your metabolism is lightning-fast.
You like to eat raw meat.
You heal very quickly.
You can eat rotten meat.
You are covered in fur (AC +1).
You have very tough skin (AC +2).


Message History

You block the black bear's attack. x2
The centaur hits you!
* * * LOW HITPOINT WARNING * * *
The black bear bites you.
* * * LOW HITPOINT WARNING * * *
The black bear claws you but does no damage.
The black bear claws you.
* * * LOW HITPOINT WARNING * * *
The centaur wields an uncursed bow.
The centaur shoots an arrow.
You block the arrow.
The centaur shoots an arrow.
The arrow hits you!
* * * LOW HITPOINT WARNING * * *
The black bear bites you.
* * * LOW HITPOINT WARNING * * *
The black bear closely misses you. The black bear claws you.
* * * LOW HITPOINT WARNING * * *
There is a stone staircase leading up here.
You see here 3 arrows.
The centaur shoots an arrow.
The arrow hits you!
You die...

#.... #........
#.#.#........
#.#.#...../....
.#.#.#..........
#.#.#...........
#.#.#..........
#..............
#.....@........
#...cU.........
#..).)........
#...(.........
#.()........<.
#............
#.((..[....$
#..........
#........


You could see a black bear and a centaur.

Vanquished Creatures
  A water moccasin (D:5)
  An ice beast (D:5)
  A phantom (D:4)
  An ogre (D:5)
  A centaur (D:6)
  A giant frog (D:6)
  A hound (D:5)
  5 crimson imps
  An orc priest (D:4)
  A worker ant (D:4)
  3 orc wizards
  5 adders
  2 shadow imps
  A giant mite (D:4)
  3 gnolls (D:5)
  2 worms (D:4)
  2 oozes
  13 orcs
  3 ball pythons
  8 bats
  5 giant cockroaches
  11 goblins
  7 hobgoblins
  5 jackals (D:5)
  8 kobolds
  2 quokkas
  7 giant geckos
  A giant newt (D:3)
  A giant spore (D:6)
  A goblin skeleton (D:4)
  A hobgoblin zombie (D:5)
  11 rats
  3 ballistomycetes (D:6)
119 creatures vanquished.

Vanquished Creatures (others)
  Terence (D:3)
1 creature vanquished.

Grand Total: 120 creatures vanquished

Notes
Turn   | Place    | Note
--------------------------------------------------------------
     0 | D:1      | RogerD, the Troll Fighter, began the quest for the Orb.
     0 | D:1      | Reached XP level 1. HP: 22/22 MP: 1/1
   183 | D:1      | Reached XP level 2. HP: 15/29 MP: 1/1
   663 | D:2      | Reached XP level 3. HP: 36/36 MP: 2/2
   813 | D:2      | Found a shadowy altar of Dithmenos.
   830 | D:2      | Became a worshipper of Dithmenos the Shadowed
  1159 | D:3      | Killed Terence
  1267 | D:3      | Reached skill level 3 in Shields
  1555 | D:3      | Found a radiant altar of Vehumet.
  1719 | D:4      | Reached XP level 4. HP: 40/44 MP: 2/2
  1818 | D:4      | Noticed a phantom
  1868 | D:4      | Killed a phantom
  1868 | D:4      | Reached XP level 5. HP: 30/52 MP: 2/2
  2402 | D:4      | Acquired Dithmenos' first power
  2490 | D:5      | Entered Level 5 of the Dungeon
  2490 | D:5      | Found a staircase to the Ecumenical Temple.
  2526 | D:5      | Reached XP level 6. HP: 57/61 MP: 3/3
  2559 | Temple   | Entered the Ecumenical Temple
  2686 | D:5      | Found a shadowy altar of Dithmenos.
  2795 | D:5      | Noticed a water moccasin
  2816 | D:5      | Killed a water moccasin
  2816 | D:5      | Reached skill level 4 in Dodging
  2847 | D:5      | Noticed an ogre
  3003 | D:5      | Reached XP level 7. HP: 25/67 MP: 3/3
  3085 | D:5      | Killed an ogre
  3364 | D:5      | Reached skill level 5 in Dodging
  3428 | D:6      | Reached skill level 1 in Stealth
  3781 | D:6      | Acquired Dithmenos' second power
  3984 | D:6      | Reached skill level 1 in Throwing
  3992 | D:6      | Reached XP level 8. HP: 73/75 MP: 3/3
  4188 | D:7      | HP: 3/75 [black bear (3)]
  4189 | D:7      | Shot with an arrow by a centaur

Action                   |  1- 3 |  4- 6 |  7- 9 || total
-------------------------+-------+-------+-------++-------
Melee: War axe           |   148 |   133 |   124 ||   405
       Falchion          |       |    26 |       ||    26
Throw: Dart              |     1 |       |    30 ||    31
Evoke: Wand              |       |       |     2 ||     2
  Use: Scroll            |       |     9 |     1 ||    10
       Potion            |       |     2 |     1 ||     3
